[Event "XLI Barbera del Valles Open 2018"]
[Site "Barbera del Valles"]
[Date "2018.07.11"]
[Round "8"]
[White "Jimenez, Adrian"]
[Black "Manolache, Marius"]
[Result "0-1"]
[ECO "A56"]
[WhiteElo "2211"]
[BlackElo "2494"]
[Annotator "ChessBase"]
[PlyCount "98"]
[EventDate "2018.07.04"]
[EventType "swiss"]
[EventCountry "ESP"]
[SourceTitle "playchess.com"]
[Source "ChessBase"]
[SourceQuality "1"]
[TimeControl "5400+30"]

1. d4 Nf6 2. c4 c5 3. d5 g6 4. Nc3 Bg7 5. e4 d6 6. h3 O-O 7. Nf3 e6 8. Bd3 exd5 9. cxd5 a6 10. a4 Nbd7 11. O-O Nh5 12. Bg5 Bf6 13. Be3 Ne5 14. Be2 Nxf3+ 15. Bxf3 Ng7 16. Qd2 Be5 17. Bf4 f6 18. Be2 Bd7 19. Bxe5 fxe5 20. f4 Qe7 21. Rf2 exf4 22. Rxf4 g5 23. Rxf8+ Rxf8 24. Rf1 Rxf1+ 25. Kxf1 Qe5 26. Kg1 h6 27. a5 Ne8 28. Qe3 Nf6 29. Kf2 Kf7 30. Bf1 Ke7 31. g3 h5 32. Bg2 Kd8 33. b3 Kc7 34. Ne2 Bb5 35. Nc3 Kb8 36. b4 Nd7 37. bxc5 Nxc5 38. Kg1 Bd3 39. Qe1 Qd4+ 40. Kh2 g4 41. h4 Nd7 42. Nd1 Ne5 43. Qd2 Qc5 44. Nb2 Bc2 45. Qf4 Ka8 46. Qf8+ Ka7 47. Kh1 Qxa5 48. Qxd6 Nf3 49. Bxf3 gxf3 0-1

[Event "XLI Barbera del Valles Open 2018"]
[Site "Barbera del Valles"]
[Date "2018.07.12"]
[Round "9"]
[White "Ortiz Suarez, Isan Reynaldo"]
[Black "Martinez Alcantara, Jose Eduardo"]
[Result "1/2-1/2"]
[ECO "A46"]
[WhiteElo "2548"]
[BlackElo "2545"]
[Annotator "RC"]
[PlyCount "28"]
[EventDate "2018.07.04"]
[EventType "swiss"]
[EventCountry "ESP"]
[SourceTitle "playchess.com"]
[Source "ChessBase"]
[SourceQuality "1"]
[TimeControl "5400+30"]

1. d4 Nf6 2. Nf3 e6 3. Bf4 b6 4. e3 Bb7 5. h3 c5 6. c3 Be7 7. Nbd2 O-O 8. Bd3 cxd4 9. exd4 d6 10. O-O Nbd7 11. Bh2 a6 12. a4 Re8 13. Re1 Qc7 14. Nc4 Bf8 1/2-1/2

[Event "XLI Barbera del Valles Open 2018"]
[Site "Barbera del Valles"]
[Date "2018.07.12"]
[Round "9"]
[White "Stella, Andrea"]
[Black "Iniyan, P."]
[Result "1/2-1/2"]
[ECO "A49"]
[WhiteElo "2504"]
[BlackElo "2451"]
[Annotator "RC"]
[PlyCount "45"]
[EventDate "2018.07.04"]
[EventType "swiss"]
[EventCountry "ESP"]
[SourceTitle "playchess.com"]
[Source "ChessBase"]
[SourceQuality "1"]
[TimeControl "5400+30"]

1. d4 Nf6 2. Nf3 g6 3. g3 Bg7 4. Bg2 O-O 5. O-O d6 6. b3 Nbd7 7. Bb2 e5 8. dxe5 Ng4 9. Qc1 Ngxe5 10. Nxe5 dxe5 11. Nc3 f5 12. Ba3 Rf6 13. e4 c6 14. f4 exf4 15. Qxf4 Rf7 16. Bb2 Ne5 17. Rad1 Qb6+ 18. Kh1 fxe4 19. Qg5 Bf5 20. Nxe4 Bxe4 21. Bxe4 Raf8 22. Rfe1 Bf6 23. Qf4 1/2-1/2

[Event "XLI Barbera del Valles Open 2018"]
[Site "Barbera del Valles"]
[Date "2018.07.12"]
[Round "9"]
[White "Manolache, Marius"]
[Black "Mohammad Nubairshah Shaikh"]
[Result "1-0"]
[ECO "D02"]
[WhiteElo "2494"]
[BlackElo "2441"]
[Annotator "ChessBase"]
[PlyCount "51"]
[EventDate "2018.07.04"]
[EventType "swiss"]
[EventCountry "ESP"]
[SourceTitle "playchess.com"]
[Source "ChessBase"]
[SourceQuality "1"]
[TimeControl "5400+30"]

1. d4 d5 2. Nf3 Nf6 3. g3 g6 4. Bg2 Bg7 5. c4 c6 6. Nc3 O-O 7. cxd5 cxd5 8. Ne5 Nc6 9. O-O Bf5 10. Be3 Rc8 11. Rc1 Qd6 12. Bf4 Qb4 13. Bxd5 Nxd4 14. e4 Bh3 15. Re1 e6 16. a3 Qxb2 17. Qxd4 exd5 18. Nd3 Qxa3 19. Nb5 Rxc1 20. Nxa3 Rxe1+ 21. Nxe1 Nxe4 22. Be5 Bh6 23. Qxd5 Nd2 24. Bc3 Nf1 25. Qd4 f6 26. Qh4 1-0

[Event "XLI Barbera del Valles Open 2018"]
[Site "Barbera del Valles"]
[Date "2018.07.12"]
[Round "9"]
[White "Alsina Leal, Daniel"]
[Black "Herraiz, Herminio"]
[Result "1/2-1/2"]
[ECO "B33"]
[WhiteElo "2492"]
[BlackElo "2421"]
[Annotator "ChessBase"]
[PlyCount "60"]
[EventDate "2018.07.04"]
[EventType "swiss"]
[EventCountry "ESP"]
[SourceTitle "playchess.com"]
[Source "ChessBase"]
[SourceQuality "1"]
[TimeControl "5400+30"]

1. e4 c5 2. Nf3 Nc6 3. d4 cxd4 4. Nxd4 Nf6 5. Nc3 e5 6. Ndb5 d6 7. Bg5 a6 8. Na3 Be6 9. Nc4 Rb8 10. Nd5 Bxd5 11. Bxf6 Qxf6 12. exd5 Ne7 13. Be2 g6 14. O-O Bg7 15. a4 O-O 16. a5 e4 17. c3 Rbd8 18. Ra4 Qg5 19. Nb6 f5 20. Rc4 Nc8 21. Rc7 Nxb6 22. axb6 Rf7 23. Qa4 Qd2 24. Qc4 Rdf8 25. Rxf7 Rxf7 26. Qc8+ Bf8 27. Bxa6 e3 28. fxe3 Qxe3+ 29. Rf2 Qxb6 30. Bf1 Re7 1/2-1/2

[Event "XLI Barbera del Valles Open 2018"]
[Site "Barbera del Valles"]
[Date "2018.07.12"]
[Round "9"]
[White "Oliva Castaneda, Kevel"]
[Black "Alonso Moyano, Jonathan"]
[Result "1-0"]
[ECO "A80"]
[WhiteElo "2491"]
[BlackElo "2400"]
[Annotator "RC"]
[PlyCount "65"]
[EventDate "2018.07.04"]
[EventType "swiss"]
[EventCountry "ESP"]
[SourceTitle "playchess.com"]
[Source "ChessBase"]
[SourceQuality "1"]
[TimeControl "5400+30"]

1. d4 f5 2. Nc3 Nf6 3. Bg5 d5 4. e3 e6 5. Nf3 Be7 6. Bd3 O-O 7. O-O c5 8. dxc5 Bxc5 9. Na4 Be7 10. c4 Nc6 11. Nc3 Ne4 12. Bxe7 Qxe7 13. Rc1 Rd8 14. cxd5 Nxc3 15. Rxc3 Rxd5 16. Qe2 Bd7 17. e4 Rd6 18. Re1 Re8 19. exf5 exf5 20. Bc4+ Be6 21. Rd3 Rxd3 22. Qxd3 Qf7 23. Qe3 Bxc4 24. Qxe8+ Qxe8 25. Rxe8+ Kf7 26. Rc8 Bxa2 27. Rc7+ Kf6 28. Rxb7 Bd5 29. Ne1 a5 30. Nd3 Bc4 31. Rb6 Bxd3 32. Rxc6+ Kg5 33. Rc7 1-0

[Event "XLI Barbera del Valles Open 2018"]
[Site "Barbera del Valles"]
[Date "2018.07.12"]
[Round "9"]
[White "Perez Mitjans, Orelvis"]
[Black "Munoz, Miguel"]
[Result "0-1"]
[ECO "B01"]
[WhiteElo "2399"]
[BlackElo "2500"]
[Annotator "RC"]
[PlyCount "170"]
[EventDate "2018.07.04"]
[EventType "swiss"]
[EventCountry "ESP"]
[SourceTitle "playchess.com"]
[Source "ChessBase"]
[SourceQuality "1"]
[TimeControl "5400+30"]

1. e4 d5 2. exd5 Nf6 3. Nf3 Qxd5 4. Nc3 Qa5 5. d4 Bf5 6. Ne5 e6 7. Nc4 Qa6 8. Bf4 Qc6 9. a3 Ne4 10. Nb5 Bd6 11. Qf3 O-O 12. Nbxd6 cxd6 13. Bd3 d5 14. Ne3 Bg6 15. Qe2 Nc3 16. Qd2 Ne4 17. Qa5 Nf6 18. Bb5 Qb6 19. Qxb6 axb6 20. f3 Nc6 21. Rd1 Rac8 22. c3 Nh5 23. Bg5 f6 24. Bh4 Bf7 25. O-O Nf4 26. Rfe1 Rfd8 27. Bg3 Nh5 28. Bf2 Nf4 29. Bf1 Na5 30. g3 Ng6 31. f4 f5 32. Bd3 Ne7 33. h3 Nc4 34. Nxc4 dxc4 35. Bf1 b5 36. Bg2 Nd5 37. Re5 Rd7 38. Be3 h5 39. Bf3 Kf8 40. Re1 g6 41. Bd2 Rc6 42. R1e2 Ra6 43. g4 hxg4 44. hxg4 Kg7 45. Rg2 Kf8 46. Kf2 Ra8 47. Re1 Kg7 48. Re5 Kf8 49. Rg1 Rd6 50. Bxd5 Rxd5 51. gxf5 gxf5 52. Re3 Ke7 53. Rh3 Rg8 54. Rxg8 Bxg8 55. Ke2 Rd7 56. Rh8 Kf7 57. Be1 Kg7 58. Rh1 Kf8 59. Bf2 Rh7 60. Ra1 Bf7 61. a4 bxa4 62. Rxa4 Be8 63. Rb4 Bc6 64. b3 cxb3 65. Rxb3 b5 66. Ra3 Rh3 67. Be3 Bf3+ 68. Kf2 Bd5 69. Bd2 b4 70. Ra1 bxc3 71. Bc1 c2 72. Ke2 Be4 73. Be3 Rh2+ 74. Bf2 Ke7 75. Ke3 Kd6 76. Be1 Rh3+ 77. Kd2 Kd5 78. Ra5+ Kxd4 79. Bf2+ Kc4 80. Rc5+ Kb4 81. Rc8 Rh1 82. Be3 Rd1+ 83. Ke2 Bd3+ 84. Kf2 Bc4 85. Rb8+ Kc3 0-1